Map: Magma Mines

Players

FearMe

  • Race: Protoss Protoss

sharky

  • Race: Protoss Protoss
  • League: Silver

Tenonee - Winner!

  • Race: Zerg Zerg
  • League: Diamond

Khronus - Winner!

  • Race: Terran Terran

VOD

Have the link to the VOD?

Description

Time

  • Played on: July 31, 2016, 2:12 p.m.
  • Length: 15:18
Show
View Real Time Build Order
Export as new Build Order

FearMe Protoss 

Build Orders:  

Get SALT Encoding   

  12  0:10  Pylon  
  12  0:18  Assimilator  
  12  0:22  Probe (Chrono Boost)  
  13  0:38  Gateway  
  13  0:49  Assimilator  
  13  0:53  Pylon  
  13  0:58  Probe (Chrono Boost)  
  14  1:21  Probe (Chrono Boost)  
  15  1:30  Cybernetics Core  
  15  1:47  Probe (Chrono Boost)  
  16  2:07  Forge  
  16  2:16  Stargate  
  16  2:22  Stargate  
  16  2:28  Probe (Chrono Boost)  
  17  2:39  Probe (Chrono Boost)  
  18  2:49  Probe (Chrono Boost)  
  19  3:00  Probe (Chrono Boost)  
  20  3:09  Photon Cannon  
  20  3:11  Mothership Core (Chrono Boost)  
  22  3:38  Void Ray  
  26  3:48  Probe (Chrono Boost)  
  27  3:58  Void Ray  
  31  4:14  Pylon  
  31  4:18  Photon Cannon  
  31  4:32  Probe (Chrono Boost)  
  31  4:34  Void Ray  
  36  4:49  Photon Cannon  
  36  5:01  Pylon  
  36  5:03  Pylon  
  36  5:30  Void Ray  
  40  5:38  Void Ray  
  44  5:43  Probe (Chrono Boost)  
  45  6:12  Nexus  
  45  6:25  Assimilator  
  45  6:29  Assimilator  
  45  6:35  Probe (Chrono Boost)  
  46  6:42  Void Ray  
  46  6:46  Probe (Chrono Boost)  
  51  7:00  Void Ray  
  55  7:08  Pylon  
  55  7:18  Pylon  
  55  7:32  Void Ray  
  59  7:47  Void Ray  
  59  7:50  Probe (Chrono Boost)  
  64  8:10  Probe x2 (Chrono Boost)  
  66  8:17  Void Ray  
  70  8:20  Probe x2 (Chrono Boost)  
  70  8:23  Protoss Air Weapons Level 1  
  72  8:33  Probe (Chrono Boost)  
  73  8:39  Probe (Chrono Boost)  
  74  8:44  Probe (Chrono Boost)  
  75  8:50  Probe (Chrono Boost)  
  75  8:54  Probe (Chrono Boost)  
  77  8:56  Void Ray  
  81  9:05  Probe (Chrono Boost)  
  82  9:54  Void Ray  
  82  9:59  Void Ray  
  82  10:31  Probe (Chrono Boost)  
  83  10:42  Probe (Chrono Boost)  
  84  10:43  Pylon  
  84  10:44  Pylon  
  84  10:46  Pylon  
  84  10:47  Pylon  
  84  10:48  Pylon  
  84  10:52  Probe (Chrono Boost)  
  85  11:00  Void Ray x2  
  85  11:03  Probe (Chrono Boost)  
  94  11:13  Probe (Chrono Boost)  
  95  11:24  Probe (Chrono Boost)  
  96  11:43  Void Ray x2  
  50  12:26  Void Ray x2  
  2  14:27  Nexus  
  2  14:36  Pylon  
  2  14:50  Pylon  
Show
View Real Time Build Order
Export as new Build Order

sharky Protoss 

Build Orders: Oracle Opening 

Get SALT Encoding   

  12  0:11  Pylon  
  12  0:18  Assimilator  
  12  0:32  Gateway  
  12  0:34  Probe (Chrono Boost)  
  13  0:49  Assimilator  
  13  0:51  Probe (Chrono Boost)  
  14  1:02  Probe (Chrono Boost)  
  15  1:15  Probe (Chrono Boost)  
  16  1:24  Cybernetics Core  
  16  1:26  Probe (Chrono Boost)  
  17  1:37  Probe (Chrono Boost)  
  18  1:48  Probe (Chrono Boost)  
  19  1:58  Probe (Chrono Boost)  
  20  2:02  Stargate  
  20  2:06  Stargate  
  20  2:09  Probe (Chrono Boost)  
  21  2:16  Pylon  
  21  2:31  Probe (Chrono Boost)  
  22  2:48  Oracle  
  25  3:00  Probe (Chrono Boost)  
  25  3:15  Oracle  
  26  3:50  Oracle  
  29  3:59  Nexus  
  29  4:00  Probe (Chrono Boost)  
  30  4:08  Pylon  
  30  4:13  Probe (Chrono Boost)  
  31  4:22  Pylon  
  31  4:24  Void Ray  
  35  4:51  Void Ray  
  40  5:08  Probe (Chrono Boost)  
  40  5:11  Probe (Chrono Boost)  
  41  5:16  Pylon  
  41  5:18  Assimilator  
  45  5:21  Assimilator  
  45  5:22  Probe (Chrono Boost)  
  45  5:27  Phoenix  
  44  5:31  Phoenix  
  44  5:34  Probe (Chrono Boost)  
  47  5:46  Probe (Chrono Boost)  
  48  5:52  Phoenix  
  48  5:53  Phoenix  
  52  6:08  Probe (Chrono Boost)  
  53  6:17  Phoenix  
  53  6:19  Probe (Chrono Boost)  
  53  6:20  Phoenix  
  58  6:29  Probe (Chrono Boost)  
  60  6:40  Probe (Chrono Boost)  
  60  6:42  Phoenix  
  60  6:45  Phoenix  
  64  7:04  Probe (Chrono Boost)  
  65  7:12  Probe (Chrono Boost)  
  67  7:16  Probe (Chrono Boost)  
  67  7:22  Probe (Chrono Boost)  
  68  7:24  Pylon  
  68  7:25  Fleet Beacon  
  68  7:28  Probe (Chrono Boost)  
  69  7:33  Probe (Chrono Boost)  
  70  7:43  Probe (Chrono Boost)  
  71  7:47  Phoenix  
  73  7:54  Probe (Chrono Boost), Protoss Air Weapons Level 1  
  73  7:57  Probe (Chrono Boost)  
  75  8:04  Probe (Chrono Boost)  
  76  8:15  Probe (Chrono Boost), Pylon  
  76  8:17  Pylon  
  77  8:23  Anion Pulse-Crystals  
  77  8:26  Pylon  
  77  8:30  Pylon  
  77  8:35  Carrier  
  77  8:36  Carrier  
  89  8:41  Nexus  
  89  9:05  Pylon  
  89  9:08  Pylon  
  89  9:13  Assimilator  
  89  9:17  Assimilator  
  89  10:01  Carrier  
  89  10:33  Carrier  
  95  10:41  Stargate  
  95  10:44  Stargate  
  95  10:54  Forge  
  96  10:58  Mothership Core (Chrono Boost)  
  97  11:16  Probe (Chrono Boost)  
  98  11:26  Carrier  
  98  11:27  Probe (Chrono Boost)  
  105  11:37  Probe (Chrono Boost)  
  100  11:48  Probe (Chrono Boost)  
  99  11:58  Probe (Chrono Boost)  
  67  12:31  Carrier  
  67  12:32  Carrier x2  
  61  13:30  Mothership Core (Chrono Boost)  
Show
View Real Time Build Order
Export as new Build Order

Tenonee Zerg - Winner!

Build Orders: Hatch First 

Get SALT Encoding   

  12  0:01  Drone  
  13  0:15  Overlord  
  13  0:19  Drone  
  14  0:35  Drone x2  
  16  0:44  Drone  
  17  0:59  Hatchery  
  16  1:06  Drone x2  
  16  1:09  Extractor  
  17  1:26  Spawning Pool  
  17  1:29  Drone  
  17  1:30  Drone  
  18  1:47  Overlord  
  18  1:50  Drone  
  19  2:00  Drone  
  20  2:11  Drone  
  20  2:13  Queen  
  20  2:14  Queen  
  25  2:33  Drone x5  
  30  2:37  Metabolic Boost  
  30  2:44  Drone  
  31  2:54  Queen x2  
  35  3:02  Spore Crawler  
  35  3:04  Spore Crawler  
  33  3:11  Drone x2  
  33  3:12  Drone  
  36  3:23  Roach Warren  
  36  3:25  Overlord  
  35  3:42  Drone  
  35  3:44  Lair  
  35  3:47  Drone x4  
  35  3:48  Drone x3  
  43  4:09  Overlord x2  
  43  4:15  Extractor  
  43  4:17  Extractor x2  
  40  4:36  Drone x2  
  40  4:37  Drone x3  
  45  4:49  Glial Reconstitution  
  45  4:55  Hatchery  
  45  4:56  Hydralisk Den  
  43  5:04  Evolution Chamber  
  43  5:05  Drone x4  
  43  5:06  Drone x2  
  48  5:07  Evolution Chamber  
  48  5:09  Drone x3  
  50  5:20  Roach x2  
  50  5:21  Roach x3  
  60  5:23  Overlord x2  
  60  5:28  Muscular Augments  
  60  5:33  Zerg Missile Weapons Level 1  
  60  5:49  Zerg Ground Armor Level 1  
  60  5:50  Zergling x2  
  60  5:52  Zergling x2  
  60  5:53  Zergling x2  
  63  6:05  Overlord x3  
  63  6:17  Overlord x2  
  63  6:23  Drone x2  
  65  6:31  Drone  
  66  6:45  Hydralisk x2  
  66  6:46  Hydralisk x3, Roach x4  
  66  6:47  Roach x2  
  88  7:03  Zergling x2  
  89  7:18  Drone x3  
  89  7:19  Overlord x3  
  89  7:22  Extractor  
  91  7:23  Extractor  
  91  7:25  Queen  
  91  7:27  Lurker Den  
  91  7:28  Hatchery  
  91  7:31  Hydralisk x3  
  97  7:54  Zerg Missile Weapons Level 2, Zerg Ground Armor Level 2  
  97  7:58  Drone x3  
  100  7:59  Drone x3  
  100  8:00  Drone x3  
  100  8:01  Drone  
  107  8:33  Infestation Pit  
  106  8:38  Zergling x2  
  106  8:39  Zergling x2  
  108  8:42  Overlord x2  
  108  8:43  Overlord x2  
  108  8:45  Queen  
  110  8:59  Overlord x3  
  109  9:11  Hydralisk  
  109  9:12  Hydralisk x12  
  135  9:43  Hydralisk  
  135  9:44  Hydralisk x10  
  141  10:05  Hydralisk  
  141  10:06  Hydralisk x7  
  121  10:23  Hydralisk x4  
  121  10:24  Hydralisk x2  
  133  10:31  Hive  
  133  10:37  Hydralisk x2  
  137  10:57  Hydralisk x7  
  151  11:13  Hydralisk x3  
  151  11:14  Hydralisk x3  
  152  11:55  Hydralisk  
  152  11:56  Hydralisk x12  
  162  12:17  Hydralisk  
  162  12:18  Hydralisk x6  
  172  12:28  Zerg Ground Armor Level 3  
  164  13:20  Hatchery  
  164  13:22  Extractor  
  164  13:25  Extractor  
  159  13:35  Overlord x3  
  159  13:46  Spire  
Show
View Real Time Build Order
Export as new Build Order

Khronus Terran - Winner!

Build Orders: Reaper Expand 

Get SALT Encoding   

  12  0:01  SCV  
  13  0:17  Supply Depot  
  13  0:19  SCV  
  14  0:31  SCV  
  15  0:41  Barracks  
  15  0:45  SCV  
  16  1:03  Supply Depot, SCV  
  17  1:07  Refinery  
  17  1:15  SCV  
  18  1:40  Orbital Command  
  18  1:50  Command Center  
  18  1:55  Reaper  
  19  2:05  SCV  
  20  2:17  Refinery  
  20  2:18  SCV  
  21  2:38  SCV  
  22  2:45  Barracks Reactor  
  22  2:51  Factory  
  22  3:30  Marine  
  22  3:31  Marine  
  23  3:47  Engineering Bay  
  23  3:48  Widow Mine, Marine x2  
  28  3:57  Orbital Command  
  27  4:04  SCV  
  27  4:06  Marine x2  
  30  4:16  SCV  
  31  4:22  Refinery  
  31  4:24  Marine  
  31  4:28  Terran Infantry Weapons Level 1  
  31  4:30  Marine  
  33  4:37  SCV x2  
  35  4:47  Factory Tech Lab  
  35  4:53  Armory  
  35  4:57  Factory  
  35  5:03  SCV x2  
  35  5:04  Barracks  
  37  5:15  SCV x2  
  39  5:29  Starport, Siege Tank  
  42  5:36  SCV x2  
  44  5:48  SCV x2  
  46  5:55  Supply Depot  
  46  6:03  Supply Depot  
  46  6:17  SCV  
  47  6:23  Widow Mine  
  49  6:30  SCV  
  50  6:49  Factory Reactor  
  50  6:50  Terran Vehicle Weapons Level 1  
  50  6:52  Terran Infantry Weapons Level 2  
  50  6:55  Starport Reactor  
  50  6:58  Supply Depot  
  50  7:00  Supply Depot  
  50  7:03  Marine  
  50  7:04  Marine  
  50  7:07  Barracks Reactor  
  52  7:16  Refinery  
  52  7:17  SCV x2  
  52  7:21  Marine x2  
  56  7:27  Supply Depot  
  56  7:29  Barracks, SCV x2  
  58  7:39  Marine x2  
  58  7:41  SCV  
  61  7:46  Barracks  
  61  7:50  Hellbat  
  63  7:57  Supply Depot, Marine x2  
  65  8:13  Command Center  
  65  8:21  Siege Tank  
  65  8:26  Medivac x2  
  72  8:30  Barracks Tech Lab  
  72  8:36  Barracks  
  72  8:37  Supply Depot  
  72  8:45  Terran Vehicle And Ship Armor Level 1, Hellbat  
  72  8:47  Marine x2  
  76  8:48  Barracks Tech Lab  
  76  8:52  Stimpack  
  76  8:53  Siege Tank, SCV  
  76  8:54  SCV  
  81  9:08  Terran Infantry Armor Level 1  
  81  9:17  Marine  
  81  9:18  Marine x4  
  81  9:23  Concussive Shells  
  86  9:29  Marine  
  87  9:35  Marine x2  
  89  9:48  Marine x4  
  93  9:54  Siege Tank  
  93  9:57  Hellbat x2  
  100  10:06  Marine x4, Marauder  
  100  10:07  Marauder  
  108  10:12  Medivac x2  
  112  10:19  Hellbat x2  
  116  10:24  Marine  
  117  10:31  Supply Depot  
  117  10:48  Marine x3  
  117  10:49  Siege Tank, Hellbat  
  125  10:52  Marine x2, Marauder  
  125  10:53  Combat Shields  
  125  10:56  Supply Depot  
  129  11:06  Marine x3  
  129  11:09  Medivac x2  
  129  11:10  Marine x2  
  138  11:13  Marine  
  139  11:20  Thor, Supply Depot  
  125  11:56  Marine  
  125  11:57  Marine x5  
  128  12:03  Thor  
  134  12:14  Marine  
  134  12:15  Marine x5  
  121  12:32  Marine x3  
  121  12:34  Hellbat  
  121  12:35  Hellbat  
  126  12:46  Siege Tank  
  129  12:56  Hellbat x2  
  133  13:08  Medivac x2  
  137  13:17  Hellbat  
  137  13:18  Siege Tank  
  142  13:38  Medivac  
  144  13:51  Siege Tank  
  135  14:43  Marine  
  135  14:44  Marine x5  
Tags
 
Add a new tag
Caveats
  • Supply blocks, unpowered buildings, or Contaminate may cause inaccurate times.
  • Supply counts are checked every 10 seconds.